details: 'banned for a month for tk'

« prev index next »

General information

Mini Map

Players

team 1
Random» Orcremastered3 (purple | 44 APM | 116 actions | 02:38)

» actions
Basic commands28
Build / train3
ESC pressed8
Enter build submenu2
Right click14
Select / deselect40
Use ability21
116 total
» units
Peon3
3 total
» buildings
Altar of Storms1
Orc Burrow1
2 total
» build order
00:07 Altar of Storms
00:20 Orc Burrow
Humanrileyhugh (yellow | 21 APM | 27 actions | 01:18)

» actions
Build / train6
Enter build submenu3
Right click5
Select / deselect9
Use ability4
27 total
» units
Peasant6
6 total
» buildings
Farm2
Altar of Kings1
3 total
» build order
00:34 Farm
00:42 Altar of Kings
00:50 Farm
Humanc0tt0nm0ufh (red | 171 APM | 110 actions | 00:38)

» actions
Assign group hotkey4
Build / train3
Enter build submenu3
Right click83
Select / deselect11
Select group hotkey3
Use ability3
110 total
» units
Peasant3
3 total
» buildings
Altar of Kings1
Farm1
Barracks1
3 total
» build order
00:07 Altar of Kings
00:10 Farm
00:13 Barracks
HumanTrackStar (pink | 14 APM | 119 actions | 08:18)

» actions
Basic commands5
Build / train3
Enter build submenu2
Right click72
Select / deselect28
Use ability9
119 total
» units
Peasant3
3 total
» buildings
Town Hall1
1 total
» build order
04:37 Town Hall
team 2
Random» OrcKungFuKenny (orange | 39 APM | 328 actions | 08:18)
Hero icon 2 Blademaster
Ability icon 1 Wind Walk
Ability icon 1 Critical Strike

» actions
Assign group hotkey3
Basic commands11
Build / train19
Enter build submenu15
Enter hero's abilities submenu2
Right click155
Select / deselect81
Select group hotkey21
Use ability21
328 total
» units
Peon7
Grunt4
11 total
» buildings
Altar of Storms1
Orc Burrow5
Voodoo Lounge1
Barracks2
Stronghold1
War Mill1
Beastiary4
Great Hall1
16 total
» build order
00:08 Altar of Storms
00:16 Orc Burrow
00:40 Voodoo Lounge
01:34 Barracks
01:47 Orc Burrow
04:55 Orc Burrow
04:58 Orc Burrow
05:00 Stronghold
05:02 Barracks
06:02 War Mill
07:28 Beastiary
07:29 Beastiary
07:30 Beastiary
07:30 Beastiary
07:35 Orc Burrow
07:40 Great Hall
» items
Scroll of Speed1
Lesser Clarity Potion2
Healing Salve1
4 total
Random» HumanStunnigan (blue | 32 APM | 266 actions | 08:18)
Hero icon 2 Archmage
Ability icon 1 Summon Water Elemental
Ability icon 1 Brilliance Aura

» actions
Assign group hotkey15
Basic commands2
Build / train32
Enter build submenu11
Enter hero's abilities submenu2
Right click92
Select / deselect83
Select group hotkey14
Use ability15
266 total
» units
Peasant12
Footman8
Rifleman3
Goblin Zeppelin1
24 total
» upgrades
Armor1
Gunpowder1
2 total
» buildings
Altar of Kings1
Farm6
Barracks1
Scout Tower1
Arcane Tower1
Blacksmith1
Arcane Vault1
Keep1
13 total
» build order
00:04 Altar of Kings
00:05 Farm
00:46 Barracks
01:11 Farm
01:56 Farm
02:35 Farm
03:15 Scout Tower
03:25 Farm
04:01 Arcane Tower
04:06 Blacksmith
04:44 Arcane Vault
05:27 Keep
05:34 Farm
Orchgka (green | 28 APM | 235 actions | 08:18)
Hero icon 2 Tauren Chieftain
Ability icon 1 War Stomp
Ability icon 1 Endurance Aura

» actions
Assign group hotkey12
Basic commands26
Build / train21
Enter build submenu14
Enter hero's abilities submenu2
Remove unit from queue1
Right click47
Select / deselect59
Select group hotkey39
Use ability14
235 total
» units
Peon8
Grunt4
Goblin Shredder1
Wind Rider1
14 total
» upgrades
Shaman Training1
1 total
» buildings
Altar of Storms1
Orc Burrow5
Barracks1
Stronghold1
Voodoo Lounge1
War Mill1
Spirit Lodge2
Beastiary2
Fortress1
15 total
» build order
00:17 Altar of Storms
00:20 Orc Burrow
00:34 Barracks
01:05 Orc Burrow
03:47 Stronghold
03:50 Voodoo Lounge
03:54 Orc Burrow
04:09 War Mill
06:14 Spirit Lodge
06:16 Beastiary
06:20 Spirit Lodge
06:25 Beastiary
06:39 Fortress
06:47 Orc Burrow
07:54 Orc Burrow
Humanwizrds (teal | 64 APM | 534 actions | 08:18)
Hero icon 2 Archmage
Ability icon 1 Summon Water Elemental
Ability icon 1 Brilliance Aura

» actions
Basic commands2
Build / train27
Enter build submenu16
Enter hero's abilities submenu2
Right click317
Select / deselect147
Use ability23
534 total
» units
Peasant6
Footman2
Rifleman10
18 total
» upgrades
Gunpowder1
Armor1
2 total
» buildings
Altar of Kings1
Farm5
Barracks1
Lumber Mill1
Blacksmith1
Arcane Vault1
Scout Tower1
11 total
» build order
00:11 Altar of Kings
00:16 Farm
00:42 Barracks
01:22 Lumber Mill
01:32 Farm
02:11 Farm
02:40 Blacksmith
02:48 Farm
04:07 Farm
04:26 Arcane Vault
07:52 Scout Tower
» items
Lesser Clarity Potion2
Scroll of Regeneration2
4 total

Chat log

(00:32 / Allies) remastered3: hehe
(01:05 / All) remastered3: pink tk
(01:10 / All) remastered3: that's all folks!
(01:12 / Allies) rileyhugh: fucker
(01:27 / All) Stunnigan: fucking tk shitbird
(01:45 / All) hgka: i think you should be banned for a month if you TK
(01:52 / All) remastered3: idea for PTY
(01:57 / All) remastered3: 1.29
(02:01 / All) Stunnigan: hang yourself tk fag
(02:15 / All) KungFuKenny: okiie
(02:16 / All) remastered3: hes bottom
(02:24 / All) remastered3: i destroyed rest of buildings
(02:56 / All) KungFuKenny: beep boop beep inspecting land
(03:14 / All) KungFuKenny: LMAO
(03:20 / All) KungFuKenny: that's mezmorizing

(04:37 / All) KungFuKenny: lmao noob